TOP OF THE 1ST |
Brockton Rox batting - Pitching for Canton Indians : LHP Tony Flores
|
Pitching: LHP Tony Flores
|
|
Batting: LHB Eric Gaugler
|
0-0: Called Strike 0-1: Ball 1-1: Called Strike 1-2: Strikes out swinging
|
Batting: LHB Kien-lung Zou
|
0-0: Called Strike 0-1: Ball 1-1: Swinging Strike 1-2: Strikes out looking
|
Batting: RHB Kirk Cully
|
0-0: Called Strike 0-1: DOUBLE (Line Drive, 9LM, EV 99.4 MPH)
|
Batting: RHB Felix Rangel
|
0-0: Foul Ball, location: 2F 0-1: Swinging Strike 0-2: Ball 1-2: Strikes out swinging
|
Top of the 1st over - 0 runs, 1 hit, 0 errors, 1 left on base; Brockton 0 - Canton 0 |
BOTTOM OF THE 1ST |
Canton Indians batting - Pitching for Brockton Rox : LHP Tara Kawashima
|
Pitching: LHP Tara Kawashima
|
|
Batting: RHB Juan Ordonez
|
0-0: Ball 1-0: Bunted foul 1-1: Foul Ball, location: 2F 1-2: Ball 2-2: Ground out 1-3 (Groundball, 34S, EV 70.0 MPH)
|
Batting: RHB Aaron Stout
|
0-0: Swinging Strike 0-1: Foul Ball, location: 2F 0-2: Ball 1-2: Ball 2-2: Ball 3-2: Foul Ball, location: 2F 3-2: Base on Balls
|
Batting: RHB Jose Rodriguez
|
0-0: Called Strike Aaron Stout steals 2nd base 0-1: Ball 1-1: Called Strike 1-2: Ball 2-2: Foul Ball, location: 2F 2-2: Ground out 6-3 (Groundball, 6M, EV 102.5 MPH) Aaron Stout to third
|
Batting: RHB Adam McMillen
|
0-0: Swinging Strike 0-1: Ball 1-1: Swinging Strike 1-2: Ball 2-2: 2-RUN HOME RUN (Flyball, 7D, EV 98.8 MPH), Distance : 379 ft
|
Batting: RHB Leo Villa
|
0-0: Called Strike 0-1: Foul Ball, location: 2F 0-2: Foul Ball, location: 2F 0-2: Foul Ball, location: 2F 0-2: Ball 1-2: Ball 2-2: Fly out, F8 (Flyball, 89D, EV 105.6 MPH)
|
Bottom of the 1st over - 2 runs, 1 hit, 0 errors, 0 left on base; Brockton 0 - Canton 2 |
TOP OF THE 2ND |
Brockton Rox batting - Pitching for Canton Indians : LHP Tony Flores
|
Batting: RHB Eric McClelland
|
0-0: Called Strike 0-1: Ball 1-1: Called Strike 1-2: Ground out 5-3 (Groundball, 56S, EV 79.4 MPH)
|
Batting: SHB Jose Santiago
|
0-0: Ball 1-0: Called Strike 1-1: Foul Ball, location: 2F 1-2: Strikes out swinging
|
Batting: RHB Eric Kent
|
0-0: Ball 1-0: Ground out 4-3 (Groundball, 34, EV 101.2 MPH)
|
Top of the 2nd over - 0 runs, 0 hits, 0 errors, 0 left on base; Brockton 0 - Canton 2 |
BOTTOM OF THE 2ND |
Canton Indians batting - Pitching for Brockton Rox : LHP Tara Kawashima
|
Batting: RHB Patrick Pinault
|
0-0: Ball 1-0: Called Strike 1-1: Ball 2-1: Swinging Strike 2-2: Foul Ball, location: 2F 2-2: Strikes out swinging
|
Batting: RHB Xavier Bartolani
|
0-0: Called Strike 0-1: Ball 1-1: Foul Ball, location: 2F 1-2: Foul Ball, location: 2F 1-2: Foul Ball, location: 2F 1-2: SINGLE (Line Drive, 6MD, EV 95.6 MPH)
|
Batting: LHB Mario Garza
|
0-0: Swinging Strike 0-1: Ball 1-1: Ground out 4-3 (Groundball, 34, EV 101.2 MPH) Xavier Bartolani to second
|
Batting: RHB Tony Gonzales
|
0-0: Ball 1-0: Called Strike 1-1: Foul Ball, location: 2F 1-2: SINGLE (Line Drive, 7S, EV 99.4 MPH) Xavier Bartolani to third Runner from 3rd tries for Home, SAFE, throw by LF to home
|
Batting: RHB Juan Ordonez
|
0-0: Swinging Strike 0-1: Foul Ball, location: 2F 0-2: Ball 1-2: Foul Ball, location: 2F 1-2: Strikes out swinging
|
Bottom of the 2nd over - 1 run, 2 hits, 0 errors, 1 left on base; Brockton 0 - Canton 3 |
TOP OF THE 3RD |
Brockton Rox batting - Pitching for Canton Indians : LHP Tony Flores
|
Batting: RHB Estevan Carrillo
|
0-0: Ball 1-0: Ball 2-0: Called Strike 2-1: Ball 3-1: Called Strike 3-2: Strikes out swinging
|
Batting: RHB Mo Tsang
|
0-0: Called Strike 0-1: Ball 1-1: Ground out 6-3 (Groundball, 6, EV 78.1 MPH)
|
Batting: LHB Eric Gaugler
|
0-0: Called Strike 0-1: Ball 1-1: Ball 2-1: Called Strike 2-2: Ball 3-2: Foul Ball, location: 2F 3-2: Strikes out looking
|
Top of the 3rd over - 0 runs, 0 hits, 0 errors, 0 left on base; Brockton 0 - Canton 3 |
BOTTOM OF THE 3RD |
Canton Indians batting - Pitching for Brockton Rox : LHP Tara Kawashima
|
Batting: RHB Aaron Stout
|
0-0: Called Strike 0-1: Ball 1-1: Swinging Strike 1-2: Foul Ball, location: 2F 1-2: Strikes out swinging
|
Batting: RHB Jose Rodriguez
|
0-0: Foul Ball, location: 2F 0-1: Swinging Strike 0-2: Foul Ball, location: 2F 0-2: Ball 1-2: Ball 2-2: Strikes out swinging
|
Batting: RHB Adam McMillen
|
0-0: Called Strike 0-1: Foul Ball, location: 2F 0-2: Ground out 4-3 (Groundball, 4S, EV 80.0 MPH)
|
Bottom of the 3rd over - 0 runs, 0 hits, 0 errors, 0 left on base; Brockton 0 - Canton 3 |
TOP OF THE 4TH |
Brockton Rox batting - Pitching for Canton Indians : LHP Tony Flores
|
Batting: LHB Kien-lung Zou
|
0-0: Called Strike 0-1: Swinging Strike 0-2: Ball 1-2: Foul Ball, location: 2F 1-2: SINGLE (Line Drive, 56D, EV 96.2 MPH)
|
Batting: RHB Kirk Cully
|
0-0: Called Strike 0-1: Foul Ball, location: 2F 0-2: Foul Ball, location: 2F 0-2: Ball 1-2: Strikes out swinging
|
Batting: RHB Felix Rangel
|
0-0: Grounds into double play, 5-4-3 (Groundball, 56, EV 100.0 MPH)
|
Top of the 4th over - 0 runs, 1 hit, 0 errors, 0 left on base; Brockton 0 - Canton 3 |
BOTTOM OF THE 4TH |
Canton Indians batting - Pitching for Brockton Rox : LHP Tara Kawashima
|
Batting: RHB Leo Villa
|
0-0: Ball 1-0: Ball 2-0: Foul Ball, location: 2F 2-1: Swinging Strike 2-2: Ball 3-2: Base on Balls
|
Batting: RHB Patrick Pinault
|
0-0: Ball Balk! Leo Villa to second 1-0: Fly out, F8 (Flyball, 78M, EV 90.0 MPH)
|
Batting: RHB Xavier Bartolani
|
0-0: Fly out, F8 (Flyball, 89M, EV 90.6 MPH)
|
Batting: LHB Mario Garza
|
0-0: Called Strike 0-1: Ball 1-1: Fly out, F8 (Flyball, 89D, EV 105.6 MPH)
|
Bottom of the 4th over - 0 runs, 0 hits, 0 errors, 1 left on base; Brockton 0 - Canton 3 |
TOP OF THE 5TH |
Brockton Rox batting - Pitching for Canton Indians : LHP Tony Flores
|
Batting: RHB Eric McClelland
|
0-0: Called Strike 0-1: Swinging Strike 0-2: Ball 1-2: Strikes out swinging
|
Batting: SHB Jose Santiago
|
0-0: TRIPLE (Line Drive, 89D, EV 107.5 MPH)
|
Batting: RHB Eric Kent
|
0-0: TRIPLE (Flyball, 8RXD, EV 104.4 MPH) Jose Santiago scores
|
Batting: RHB Estevan Carrillo
|
0-0: Swinging Strike 0-1: Called Strike 0-2: Ball 1-2: Strikes out swinging
|
Batting: RHB Mo Tsang
|
0-0: Called Strike 0-1: Ground out 5-3 (Groundball, 56, EV 101.2 MPH)
|
Top of the 5th over - 1 run, 2 hits, 0 errors, 1 left on base; Brockton 1 - Canton 3 |
BOTTOM OF THE 5TH |
Canton Indians batting - Pitching for Brockton Rox : LHP Tara Kawashima
|
Pitching: RHP Robby Arce
|
|
Batting: RHB Tony Gonzales
|
0-0: Ball 1-0: Ball 2-0: Called Strike 2-1: Ball 3-1: Foul Ball, location: 2F 3-2: Base on Balls
|
Batting: RHB Juan Ordonez
|
0-0: Hit by Pitch Tony Gonzales to second
|
Batting: RHB Aaron Stout
|
0-0: Ball 1-0: Foul Ball, location: 2F 1-1: Foul Ball, location: 2F 1-2: Ball 2-2: Ball 3-2: SINGLE (Groundball, 25, EV 73.1 MPH) (infield hit) Tony Gonzales to third Juan Ordonez to second
|
Batting: RHB Jose Rodriguez
|
0-0: Ball 1-0: Foul Ball, location: 2F 1-1: Ball 2-1: Ball 3-1: Base on Balls Tony Gonzales scores Juan Ordonez to third Aaron Stout to second
|
Batting: RHB Adam McMillen
|
0-0: Ball 1-0: Foul Ball, location: 2F 1-1: Ball 2-1: Foul Ball, location: 2F 2-2: Grounds into double play, 6-4-3 (Groundball, 6, EV 85.0 MPH) Juan Ordonez scores Aaron Stout to third
|
Batting: RHB Leo Villa
|
0-0: Swinging Strike 0-1: Swinging Strike 0-2: Fly out, F7 (Line Drive, 7LM, EV 90.0 MPH)
|
Bottom of the 5th over - 2 runs, 1 hit, 0 errors, 1 left on base; Brockton 1 - Canton 5 |
TOP OF THE 6TH |
Brockton Rox batting - Pitching for Canton Indians : LHP Tony Flores
|
Batting: LHB Eric Gaugler
|
0-0: Ball 1-0: Foul Ball, location: 2F 1-1: Called Strike 1-2: Foul Ball, location: 2F 1-2: Ball 2-2: Strikes out looking
|
Batting: LHB Kien-lung Zou
|
0-0: Ball 1-0: Called Strike 1-1: Foul Ball, location: 2F 1-2: Foul Ball, location: 2F 1-2: Ball 2-2: Ball 3-2: Foul Ball, location: 2F 3-2: Base on Balls
|
Batting: RHB Kirk Cully
|
0-0: Ball 1-0: Called Strike 1-1: SINGLE (Groundball, 56D, EV 103.8 MPH) Kien-lung Zou to second
|
Batting: RHB Felix Rangel
|
0-0: Called Strike 0-1: Ball 1-1: Ball 2-1: Ball 3-1: Swinging Strike 3-2: Foul Ball, location: 2F 3-2: Strikes out swinging
|
Batting: RHB Eric McClelland
|
0-0: Ball Wild Pitch! Kien-lung Zou to third Kirk Cully to second 1-0: Ground out 6-3 (Groundball, 6, EV 80.0 MPH)
|
Top of the 6th over - 0 runs, 1 hit, 0 errors, 2 left on base; Brockton 1 - Canton 5 |
BOTTOM OF THE 6TH |
Canton Indians batting - Pitching for Brockton Rox : RHP Robby Arce
|
Batting: RHB Patrick Pinault
|
0-0: Ball 1-0: Ball 2-0: Called Strike 2-1: Foul Ball, location: 2F 2-2: Reached on error, E5 (Groundball, 5S, EV 61.9 MPH)
|
Pitching: RHP Du Kong
|
|
Batting: RHB Xavier Bartolani
|
0-0: Called Strike 0-1: Reached on error, E6 (Groundball, 6, EV 81.2 MPH) Patrick Pinault scores
|
Batting: LHB Mario Garza
|
0-0: Ball 1-0: Ball 2-0: Foul Ball, location: 2F 2-1: Foul Ball, location: 2F 2-2: Ball 3-2: Fly out, F7 (Flyball, 7LM, EV 86.2 MPH)
|
Batting: RHB Tony Gonzales
|
0-0: Called Strike 0-1: Ground out 3-1 (Groundball, 34, EV 81.9 MPH) Xavier Bartolani to third
|
Batting: RHB Juan Ordonez
|
0-0: Called Strike 0-1: Foul Ball, location: 2F 0-2: Foul Ball, location: 2F 0-2: Ball 1-2: Strikes out looking
|
Bottom of the 6th over - 1 run, 0 hits, 2 errors, 1 left on base; Brockton 1 - Canton 6 |
TOP OF THE 7TH |
Brockton Rox batting - Pitching for Canton Indians : LHP Tony Flores
|
Batting: SHB Jose Santiago
|
0-0: Ball 1-0: Called Strike 1-1: Ball 2-1: Ball 3-1: Base on Balls
|
Batting: RHB Eric Kent
|
0-0: SINGLE (Groundball, 56D, EV 99.4 MPH) Jose Santiago to second
|
Batting: RHB Estevan Carrillo
|
0-0: Ball 1-0: Foul Ball, location: 2F 1-1: Ball 2-1: Foul Ball, location: 2F 2-2: Ball 3-2: Strikes out looking
|
Batting: RHB Mo Tsang
|
0-0: Called Strike 0-1: Ball 1-1: Ball 2-1: Foul Ball, location: 2F 2-2: Foul Ball, location: 2F 2-2: Foul Ball, location: 2F 2-2: Strikes out looking
|
Pitching: RHP Jesus Montana
|
|
Batting: LHB Eric Gaugler
|
0-0: Ball 1-0: Swinging Strike 1-1: Called Strike 1-2: Foul Ball, location: 2F 1-2: Strikes out swinging
|
Top of the 7th over - 0 runs, 1 hit, 0 errors, 2 left on base; Brockton 1 - Canton 6 |
BOTTOM OF THE 7TH |
Canton Indians batting - Pitching for Brockton Rox : RHP Du Kong
|
Batting: RHB Aaron Stout
|
0-0: Ball 1-0: Ball 2-0: Called Strike 2-1: SINGLE (Flyball, 8RS, EV 85.6 MPH)
|
Batting: RHB Jose Rodriguez
|
0-0: Called Strike 0-1: 2-RUN HOME RUN (Flyball, 78XD, EV 108.1 MPH), Distance : 424 ft
|
Pinch Hitting: RHB Cruz Castro
|
0-0: Ball 1-0: Foul Ball, location: 2F 1-1: Fly out, F9 (Flyball, 9, EV 93.8 MPH)
|
Batting: RHB Leo Villa
|
0-0: Called Strike 0-1: Swinging Strike 0-2: Strikes out swinging
|
Pinch Hitting: RHB Aubrey Regimbald
|
0-0: Foul Ball, location: 2F 0-1: Ball 1-1: Swinging Strike 1-2: Strikes out swinging
|
Bottom of the 7th over - 2 runs, 2 hits, 0 errors, 0 left on base; Brockton 1 - Canton 8 |
TOP OF THE 8TH |
Brockton Rox batting - Pitching for Canton Indians : RHP Jesus Montana
|
Now at 2B: Aubrey Regimbald
|
|
Now at 3B: Cruz Castro
|
|
Now at SS: Tony Gonzales
|
|
Batting: LHB Kien-lung Zou
|
0-0: Swinging Strike 0-1: Ball 1-1: Fly out, F7 (Flyball, 78S, EV 90.0 MPH)
|
Batting: RHB Kirk Cully
|
0-0: Foul Ball, location: 2F 0-1: Ball 1-1: Ball 2-1: Ground out 6-3 (Groundball, 6, EV 80.6 MPH)
|
Batting: RHB Felix Rangel
|
0-0: Ball 1-0: Swinging Strike 1-1: Called Strike 1-2: Strikes out looking
|
Top of the 8th over - 0 runs, 0 hits, 0 errors, 0 left on base; Brockton 1 - Canton 8 |
BOTTOM OF THE 8TH |
Canton Indians batting - Pitching for Brockton Rox : RHP Du Kong
|
Batting: RHB Xavier Bartolani
|
0-0: Ball 1-0: Foul Ball, location: 2F 1-1: Ball 2-1: Foul Ball, location: 2F 2-2: Ball 3-2: Strikes out swinging
|
Batting: LHB Mario Garza
|
0-0: Foul Ball, location: 2F 0-1: Foul Ball, location: 2F 0-2: Ball 1-2: Ball 2-2: Strikes out swinging
|
Pinch Hitting: RHB Joe Bauer
|
0-0: Called Strike 0-1: Foul Ball, location: 2F 0-2: Foul Ball, location: 2F 0-2: Ball 1-2: Strikes out swinging
|
Bottom of the 8th over - 0 runs, 0 hits, 0 errors, 0 left on base; Brockton 1 - Canton 8 |
TOP OF THE 9TH |
Brockton Rox batting - Pitching for Canton Indians : RHP Jesus Montana
|
Now at 1B: Joe Bauer
|
|
Now at SS: Aaron Stout
|
|
Batting: SHB Arihito Hiramoto
|
0-0: Called Strike 0-1: Ball 1-1: Called Strike 1-2: Ball 2-2: Strikes out looking
|
Batting: SHB Jose Santiago
|
0-0: Ball 1-0: Ball 2-0: Swinging Strike 2-1: Called Strike 2-2: Strikes out swinging
|
Batting: RHB Eric Kent
|
0-0: Ground out 6-3 (Groundball, 56, EV 88.1 MPH)
|
Top of the 9th over - 0 runs, 0 hits, 0 errors, 0 left on base; Brockton 1 - Canton 8 |
|